 Dungeon Crawl Stone Soup version 0.18.1-8-gdd0e5ea (webtiles) character file.

915 shmeve the Skirmisher (level 7, 63/63 HPs)
             Began as a Green Draconian Berserker on May 28, 2016.
             Was an Elder of Trog.
             Quit the game on level 5 of the Dungeon.
             The game lasted 00:09:12 (4288 turns).

shmeve the Skirmisher (Green Draconian Berserker)   Turns: 4288, Time: 00:09:12

Health: 63/63      AC:  7    Str: 22    XL:     7   Next: 82%
Magic:  7/7        EV: 13    Int:  7    God:    Trog [****..]
Gold:   192        SH:  0    Dex: 10    Spells: 0 memorised, 6 levels left

rFire  . . .     SeeInvis .     a - +0 hand axe
rCold  . . .     Gourm    .     (armour unavailable)
rNeg   . . .     Faith    +     (no shield)
rPois  +         Spirit   .     (helmet restricted)
rElec  .         Dismiss  .     f - +0 cloak
rCorr  .         Reflect  .     (no gloves)
SustAt .         Harm     .     (no boots)
MR     .....                    k - amulet of faith
Stlth  ++........               (no ring)
                                (no ring)

@: short of breath, not resistant to hostile enchantments, unstealthy
A: breathe noxious fumes, unfitting armour, poison resistance, cold-blooded, AC
+6
a: Breathe Noxious Fumes, Berserk, Trog's Hand, Brothers in Arms, Burn
Spellbooks, Renounce Religion


You were on level 5 of the Dungeon.
You worshipped Trog.
Trog was greatly pleased with you.
You were hungry.

You visited 1 branch of the dungeon, and saw 5 of its levels.

You collected 192 gold pieces.

Inventory:

Hand Weapons
 a - a +0 hand axe (weapon)
Armour
 f - a +0 cloak (worn)
Jewellery
 k - an amulet of faith (around neck)
Scrolls
 c - 5 scrolls of remove curse {unknown}
 d - 5 scrolls of identify {unknown}
 e - a scroll of amnesia {unknown}
 h - 2 scrolls of teleportation {unknown}
 i - 2 scrolls of immolation {unknown}
 l - 2 scrolls of magic mapping {unknown}
 n - a scroll of fear {unknown}
Potions
 m - a potion of might {unknown}
 q - a potion of magic {unknown}
 r - a potion of haste {unknown}
Comestibles
 b - 5 bread rations
 g - 2 royal jellies
 j - 3 meat rations
 o - 2 slices of pizza
 p - 2 chunks of flesh


   Skills:
 * Level 6.2 Fighting
 * Level 5.7 Axes
 * Level 5.0 Dodging
 + Level 3.1 Stealth


You had 6 spell levels left.
You didn't know any spells.

Dungeon Overview and Level Annotations

Branches:
Dungeon (5/15)             Temple (0/1) D:5

Altars:
Pakellas


Innate Abilities, Weirdness & Mutations

You can breathe blasts of noxious fumes.
Your lurid green scales are hard (AC +6).
Your body does not fit into most forms of armour.
Your system is resistant to poisons.
You are cold-blooded and may be slowed by cold attacks.


Message History

A giant gecko is nearby!
Press: ? - help, Shift-Dir - straight line, f - giant gecko
Aim: a giant gecko (clinging, resting)
You exhale a blast of noxious fumes.
The blast of choking fumes hits the giant gecko.
The giant gecko is almost dead.
You feel somewhat more hungry.
The giant gecko is engulfed in noxious fumes.
The giant gecko appears confused.
You kill the giant gecko!
Trog accepts your kill.
You see here a giant gecko corpse.
You butcher the giant gecko corpse.
p - 2 chunks of flesh (gained 1)
You see here a giant gecko skeleton.
You are feeling hungry.
Eat one of 2 chunks of flesh? (ye/n/q/i?)
Okay, then.
Unknown command.
Are you sure you want to abandon this character and quit the game? (Confirm with "yes".)

#.#.###.........#
#.##.#.#.####...###
###.###.##.# #......######(
#....#####.####...#........
###+###...............#######
#.....#.####.#####..###
#.....#.# #.# #..# #.....#.#
#.#####..# +..>..'.#
#..@.....# #.....###
#######.## #..)..# #.#
#.....# #.# ###'### ... #.#
.#. #.# .# #. #(# .
#.#########.#


There were no monsters in sight!

Vanquished Creatures
  The ghost of chicagocrazy the Grave Robber, an amateur DENe (D:4)
  Sigmund (D:4)
  Menkaure (D:4)
  A phantom (D:5)
  An ogre (D:4)
  4 worker ants
  Robin (D:3)
  11 adders
  2 oozes (D:3)
  4 worms
  2 dart slugs
  A giant gecko (D:5)
  4 orcs
  A ball python (D:3)
  2 giant cockroaches (D:1)
  11 hobgoblins
  8 jackals
  2 quokkas
  6 bats
  6 giant newts
  19 goblins
  5 kobolds
  6 rats
100 creatures vanquished.

Notes
Turn   | Place    | Note
--------------------------------------------------------------
     0 | D:1      | shmeve the Draconian Berserker began the quest for the Orb.
     0 | D:1      | Reached XP level 1. HP: 19/19 MP: 1/1
   453 | D:1      | Reached XP level 2. HP: 26/26 MP: 2/2
   816 | D:1      | Reached ** piety under Trog
  1161 | D:2      | Reached XP level 3. HP: 31/31 MP: 3/3
  1292 | D:2      | Reached skill level 1 in Stealth
  1611 | D:2      | Reached skill level 4 in Fighting
  1868 | D:2      | Found a faded altar to an unknown god.
  1874 | D:2      | Reached XP level 4. HP: 39/40 MP: 4/4
  2261 | D:2      | Reached *** piety under Trog
  2885 | D:3      | Reached XP level 5. HP: 39/47 MP: 5/5
  2888 | D:3      | Noticed Robin
  2897 | D:3      | Killed Robin
  2903 | D:3      | Reached **** piety under Trog
  3199 | D:4      | Noticed Sigmund
  3210 | D:4      | Killed Sigmund
  3210 | D:4      | Reached skill level 5 in Fighting
  3210 | D:4      | Reached XP level 6. HP: 56/56 MP: 6/6
  3234 | D:4      | Noticed chicagocrazy's ghost (amateur DENe)
  3244 | D:4      | Killed chicagocrazy's ghost
  3244 | D:4      | Reached skill level 5 in Axes
  3244 | D:4      | Your scales start taking on a lurid green colour.
  3244 | D:4      | Reached XP level 7. HP: 49/61 MP: 7/7
  3244 | D:4      | Gained mutation: Your system is resistant to poisons. [Green Draconian growth]
  3279 | D:4      | Noticed Menkaure
  3290 | D:4      | Killed Menkaure
  3657 | D:4      | Found an oddly glowing altar of Pakellas.
  3954 | D:4      | Reached skill level 6 in Fighting
  4030 | D:5      | Entered Level 5 of the Dungeon
  4104 | D:5      | Found a staircase to the Ecumenical Temple.
  4177 | D:5      | Reached skill level 5 in Dodging
  4288 | D:5      | Quit the game

Skill      XL: |  1  2  3  4  5  6  7 |
---------------+----------------------+-----
Dodging        | 3 4 5 |  5.0
Stealth        | 1 2 3 |  3.1
Fighting       | 4 5 6 |  6.2
Axes           | 4 5 |  5.7

Action                   |  1- 3 |  4- 6 |  7- 9 || total
-------------------------+-------+-------+-------++-------
Melee: Hand axe          |   113 |   114 |   104 ||   331
       Tailslap          |    14 |    10 |    19 ||    43
Invok: Berserk           |       |     2 |     1 ||     3
       Trog's Hand       |       |     1 |       ||     1
 Abil: Breathe Noxious F |       |       |     7 ||     7
 Stab: Sleeping          |       |     2 |     1 ||     3
       Confused          |       |       |     2 ||     2
  Eat: Chunk             |     3 |     7 |     5 ||    15
Armor: Skin              |    45 |    41 |    22 ||   108
Dodge: Dodged            |    84 |    73 |    61 ||   218
